 Dungeon Crawl Stone Soup version 0.29.0-11-gd7f09526c8 (webtiles) character file.

Game seed: 17289630791917634776

13 Zeldest the Grasshopper (level 2, -3/25 HPs)
             Began as a Meteoran Warper on Sept 3, 2022.
             Killed from afar by a dart slug (6 damage)
             ... with a slug dart
             ... on level 2 of the Dungeon.
             The game lasted 00:01:01 (211 turns).

Zeldest the Grasshopper (Meteoran Warper)            Turns: 211, Time: 00:01:02

Health: -3/25      AC:  3    Str: 12    XL:     2   Next: 70%
Magic:  6/6        EV: 12    Int: 14    God:
Gold:   23         SH:  0    Dex: 13    Spells: 6/6 levels left

rFire   . . .      SeeInvis .     - Unarmed
rCold   . . .      Faith    .   (no shield)
rNeg    . . .      Spirit   .   a - +0 leather armour
rPois   .          Reflect  .   (no helmet)
rElec   .          Harm     .   (no cloak)
rCorr   .          Rampage  .   (no gloves)
Will    .....                   (no boots)
Stlth   +.........              (no amulet)
HPRegen 0.08/turn               (no ring)
MPRegen 0.10/turn               (no ring)

@: glowing
A: sense surroundings 1, otherworldly, glowing, explore regen
a: no special abilities


You were on level 2 of the Dungeon.
You visited 1 branch of the dungeon, and saw 2 of its levels.

You collected 23 gold pieces.

Inventory:

Missiles
 c - 7 boomerangs of dispersal (quivered)
Armour
 a - a +0 leather armour (worn)
Scrolls
 b - a scroll of blinking
 d - 2 scrolls of identify {unknown}
 i - a scroll of poison {unknown}
Potions
 e - a potion of curing {unknown}
 f - a potion of berserk rage {unknown}
 g - 2 potions of attraction {unknown}
 h - a potion of magic {unknown}


   Skills:
 + Level 2.3 Fighting
 + Level 1.4 Throwing
 + Level 1.5 Armour
 + Level 2.6 Dodging
 + Level 2.6 Unarmed Combat
 + Level 2.9 Spellcasting
 + Level 3.7 Translocations


You had 6 spell levels left.
You didn't know any spells.
Your spell library contained the following spells:

 Spells                   Type           Power      Damage    Failure   Level
 Blink                    Tloc           24%        N/A       9%          2
 Gell's Gravitas          Tloc           12%        N/A       19%         3
 Lesser Beckoning         Tloc           12%        N/A       19%         3
 Teleport Other           Tloc           12%        N/A       19%         3
 Manifold Assault         Tloc           12%        N/A       86%         5


Dungeon Overview and Level Annotations

Branches:
Dungeon (2/15) Zot: 991

Altars:


Innate Abilities, Weirdness & Mutations

You passively map a small area around you.
You are easily found by Zot.
You glow in the dark.
You regain HP and MP as you explore.


Message History

The jackal is lightly wounded.
The jackal barely misses you.
You miss the jackal. The jackal closely misses you.
The jackal bites you but does no damage.
You hit the jackal but do no damage. The jackal closely misses you.
You hit the jackal.
The jackal is almost dead.
The jackal bites you but does no damage.
You closely miss the jackal.
The jackal is almost dead.
The jackal bites you.
The jackal bites you but does no damage.
You hit the jackal but do no damage.
The jackal is almost dead.
The jackal bites you.
You closely miss the jackal.
The jackal is almost dead.
The jackal bites you but does no damage.
You hit the jackal.
You kill the jackal!
You barely miss the jackal. The jackal bites you.
You hit the jackal.
You kill the jackal!
You hit the ball python.
You kill the ball python!
You hit the dart slug but do no damage. You hit the dart slug but do no damage.
The dart slug launches a dart at you. The slug dart hits you.
* * * LOW HITPOINT WARNING * * *
You hit the dart slug.
The dart slug is moderately wounded.
The dart slug closely misses you.
You hit the dart slug but do no damage.
The dart slug is moderately wounded.
You hit the dart slug.
The dart slug is almost dead.
The dart slug launches a dart at you. The slug dart hits you.
You die...

*#, #.S....# *
###. #......#
.....#......# ,
,
.......<....####
................
,
..h..###.......#
...h,* #.......#
##...###..!....#
,
......w@.......#
##.#####.......#
, * * #.....?.#
* , ,, ,
........#* , ,,
......... , , ,
, ........., ,
,, ...#####.. ,
.# , , , * * *


You could see a dart slug.

Vanquished Creatures
  A bat (D:1)
  A goblin (D:1)
  4 jackals (D:2)
  A quokka (D:1)
  2 ball pythons (D:2)
  A kobold (D:1)
  A rat (D:1)
11 creatures vanquished.

Notes
Turn   | Place    | Note
-------+----------+-------------------------------------------
     0 | D:1      | Zeldest the Meteoran Warper began the quest for the Orb.
     0 | D:1      | Reached XP level 1. HP: 17/17 MP: 5/5
   138 | D:1      | Reached XP level 2. HP: 20/24 MP: 6/6
   211 | D:2      | Killed from afar by a dart slug

Illustrated notes

Levels and vault maps discovered:
D:1:      dpeg_arrival_simpleton_a, layout_rooms,
          shapermc_ecumenical_altar_mp_vishouse, minmay_misc_feat_five,
          kennysheep_another_room
D:2:      layout_basic

Action                   || total
-------------------------++-------
Melee: Unarmed           ||    55
       Punch             ||     1
Armor: Leather armour    ||    37
Dodge: Dodged            ||    45
